 Dungeon Crawl Stone Soup version 0.31-a0-986-g5e6e4ef867 (webtiles) character file.

Game seed: 14092984152714715037

2424 Hubris850 the Thaumaturge (level 9, -11/45 HPs)
             Began as a Gargoyle Earth Elementalist on Nov 3, 2023.
             Was an Initiate of Vehumet.
             Shot with an arrow by a centaur (15 damage)
             ... on level 6 of the Dungeon.
             The game lasted 00:16:13 (6068 turns).

Hubris850 the Thaumaturge (GrEE)                    Turns: 6068, Time: 00:16:14

Health: -11/45     AC: 10    Str: 10 (11) XL:     9   Next: 48%
Magic:  20/21      EV: 11    Int: 19 (21) God:    Vehumet [......]
Gold:   249        SH:  0    Dex:  9 (10) Spells: 18/24 levels left

rFire   . . .        t - +2 hand axe (elec)
rCold   . . .        (no shield)
rNeg    + . .        n - +0 leather armour
rPois   ∞            (no helmet)
rElec   +            (no cloak)
rCorr   .            u - +0 pair of gloves
SInv    .            (no boots)
Will    .....        (no amulet)
Stlth   +            y - ring of wizardry
HPRegen 0.27/turn    (no ring)
MPRegen 0.17/turn

%: wizardry (x1)
@: hasted, very quick
A: sickness immunity, AC +6, negative energy resistance 1, electricity
resistance, torment resistance 1, petrification resistance
a: Renounce Religion


You were on level 6 of the Dungeon.
You worshipped Vehumet.
Vehumet was noncommittal.
You visited 2 branches of the dungeon, and saw 7 of its levels.
You also visited: Ossuary.

You collected 249 gold pieces.

Inventory:

Hand Weapons
 e - a +0 whip
 t - a +2 hand axe of electrocution (weapon)
 w - a +0 lajatang
 A - a +4 short sword
Missiles
 k - 5 atropa-tipped darts
 l - a throwing net
 q - 5 poisoned darts
 z - 2 curare-tipped darts
Armour
 a - a +0 robe
 j - a +0 ring mail
 n - a +0 leather armour (worn)
 u - a +0 pair of gloves (worn)
Jewellery
 y - a ring of wizardry (left hand)
Scrolls
 f - 2 scrolls of blinking
 i - 4 scrolls of teleportation
 m - 2 scrolls of immolation
 B - 2 scrolls of torment
 C - a scroll of vulnerability
 D - a scroll of amnesia
 E - a scroll of fear {unknown}
Potions
 b - 3 potions of magic
 c - 3 potions of haste
 d - 5 potions of mutation
 g - 5 potions of brilliance
 h - a potion of lignification
 o - 2 potions of curing
 p - a potion of invisibility
 r - a potion of attraction {unknown}
 s - a potion of might {unknown}
 x - 2 potions of cancellation {unknown}


   Skills:
 - Level 1.5 Dodging
 - Level 2.1 Stealth
 + Level 8.4 Spellcasting
 + Level 6.9 Conjurations
 - Level 1.0 Transmutations
 - Level 8.0 Earth Magic


You had 18 spell levels left.
You knew the following spells:

 Your Spells              Type           Power      Damage    Failure   Level
a - Sandblast             Erth           76%        2d16      1%          1
b - Passwall              Tmut/Erth      20%        N/A       1%          2
c - Stone Arrow           Conj/Erth      72%        3d11      1%          3

Your spell library contained the following spells:

 Spells                   Type           Power      Damage    Failure   Level
 Brom's Barrelling Bould  Conj/Erth      36%        2d6       2%          4
 Petrify                  Tmut/Erth      25%        N/A       8%          4


Dungeon Overview and Level Annotations

Branches:
Dungeon (6/15)             Temple (1/1) D:6         Ossuary (visited)

Altars:
Ashenzari
Cheibriados
Dithmenos
Elyvilon
Fedhas
Gozag
Hepliaklqana
Kikubaaqudgha
Makhleb
Nemelex Xobeh
Okawaru
Qazlal
Ru
Sif Muna
Trog
Uskayaw
Vehumet
Wu Jian
Xom
Yredelemnul
Zin
The Shining One

Shops:
D:4 *


Innate Abilities, Weirdness & Mutations

You are immune to sickness and miasma.
Your stone body is resilient. (AC +6)
You are immune to poison.
You resist negative energy. (rN+)
You are resistant to electric shocks. (rElec)
You are resistant to unholy torment.
You are immune to petrification.


Message History

a +0 orcbow; a centaur corpse You barely miss the gnoll.
A gnoll comes into view. It is wielding a +0 club.
The gnoll completely misses you.
The centaur wields a +0 orcbow.
The centaur shoots an arrow.
The arrow closely misses you. The gnoll completely misses you.
The centaur unwields a +0 orcbow.
The centaur hits you. The centaur kicks you.
You hit the centaur. Lightning courses through the centaur!
The centaur is severely wounded.
You hit the gnoll. The gnoll hits you but does no damage.
A gnoll comes into view. It is wielding a +0 spear.
The gnoll hits you from afar with a +0 spear.
The centaur hits you.
The centaur kicks you but does no damage.
You hit the gnoll.
The gnoll is moderately wounded.
You hit the centaur but do no damage. The centaur closely misses you.
The centaur misses you.
The gnoll hits you from afar with a +0 spear.
The gnoll sergeant hits you but does no damage.
The gnoll hits you but does no damage.
You barely miss the gnoll.
The gnoll is moderately wounded.
You barely miss the centaur. The centaur barely misses you.
The centaur kicks you but does no damage.
You hit the gnoll but do no damage.
The gnoll is moderately wounded.
You completely miss the centaur. The centaur hits you.
* * * LOW HITPOINT WARNING * * *
The centaur barely misses you. The gnoll barely misses you.
The gnoll misses you.
The gnoll sergeant hits you from afar with a +0 trident.
* * * LOW HITPOINT WARNING * * *
The centaur barely misses you.
The centaur kicks you but does no damage.
The gnoll hits you but does no damage.
The centaur wields a +0 orcbow.
The centaur shoots an arrow.
The arrow hits you!
* * * LOW HITPOINT WARNING * * *
The centaur shoots an arrow.
The arrow hits you!
You die...

......######.#....
.............#.......#
...............>.....#
.....................#
##...................#
#.......#'#+.......$#
#.......##.#+........###
#.......##.#+...........
#.......+.......@.#
#.......###.......+
....... #.....)..#
.....# #........######
.... #.....)cg......
.... #.#+###g..g....
.... +. #gg...... ....
## #.g...... ...#
+........


You could see a gnoll sergeant, a centaur and 5 gnolls.

Vanquished Creatures
  Pikel (D:5)
  Sigmund (D:6)
  Edmund (D:4)
  A water moccasin (D:4)
  A sky beast (D:6)
  An ice beast (D:6)
  A black bear (D:6)
  A centaur (D:6)
  3 phantoms (D:5)
  4 lemures
  4 scorpions
  A wight (Ossuary)
  A water moccasin zombie (Ossuary)
  A howler monkey (D:6)
  2 bullfrog zombies (Ossuary)
  2 centaur zombies (Ossuary)
  A human zombie (Ossuary)
  5 hounds
  A gnoll bouda (D:3)
  Terence (D:3)
  2 iguanas (D:5)
  A mummy (D:5)
  4 gnolls
  9 adders
  A white imp (D:5)
  2 adder zombies (Ossuary)
  3 worms
  3 dart slugs
  8 orcs
  6 endoplasms
  A giant cockroach (D:3)
  5 gnoll zombies (Ossuary)
  6 goblins
  14 hobgoblins
  2 quokkas (D:2)
  5 ball pythons
  3 bats
  4 frilled lizards
  2 goblin zombies (Ossuary)
  3 hobgoblin zombies
  8 kobolds
  3 orc zombies (Ossuary)
  4 rats (D:2)
133 creatures vanquished.

Notes
Turn   | Place    | Note
-------+----------+-------------------------------------------
     0 | D:1      | Hubris850 the Gargoyle Earth Elementalist began the quest
                  | for the Orb.
     0 | D:1      | Reached XP level 1. HP: 10/10 MP: 3/3
     2 | D:1      | Noticed a formicid
     4 | D:1      | Noticed a meteoran
     6 | D:1      | Noticed a vine stalker
     6 | D:1      | Noticed a vampire
     8 | D:1      | Noticed a human
     8 | D:1      | Noticed an octopode
    10 | D:1      | Noticed a naga
    10 | D:1      | Noticed a troll
    12 | D:1      | Noticed a gargoyle
    12 | D:1      | Noticed a minotaur
    14 | D:1      | Noticed a draconian
    14 | D:1      | Noticed a ghoul
    16 | D:1      | Noticed a tengu
    18 | D:1      | Noticed a merfolk
    18 | D:1      | Noticed an ogre
    20 | D:1      | Noticed a felid
    20 | D:1      | Noticed a demonspawn
    22 | D:1      | Noticed an elf
    22 | D:1      | Noticed a spriggan
    25 | D:1      | Noticed an armataur
    25 | D:1      | Noticed an octopode
    27 | D:1      | Noticed a felid
    27 | D:1      | Noticed an octopode
   393 | D:1      | Reached skill level 1 in Transmutations
   553 | D:1      | Reached XP level 2. HP: 15/15 MP: 3/5
  1011 | D:2      | Reached XP level 3. HP: 19/19 MP: 2/6
  1014 | D:2      | Learned a level 2 spell: Passwall
  1371 | D:2      | Reached XP level 4. HP: 19/24 MP: 5/8
  1624 | D:3      | Noticed Terence
  1633 | D:3      | Killed Terence
  1634 | D:3      | Reached skill level 5 in Earth Magic
  1966 | D:3      | Reached XP level 5. HP: 27/28 MP: 5/10
  2765 | D:3      | Reached XP level 6. HP: 13/32 MP: 9/12
  2883 | D:4      | Noticed Edmund
  2896 | D:4      | Killed Edmund
  3593 | D:4      | Found Hoiwn's Serpentskin Sales.
  3593 | D:4      | Noticed a water moccasin
  3613 | D:4      | Killed a water moccasin
  3614 | D:4      | Reached skill level 5 in Spellcasting
  3614 | D:4      | Reached XP level 7. HP: 7/36 MP: 11/14
  3916 | D:5      | Entered Level 5 of the Dungeon
  4157 | D:5      | Found a sand-covered staircase.
  4260 | Ossuary  | Entered an ossuary
  4371 | Ossuary  | Learned a level 3 spell: Stone Arrow
  4401 | Ossuary  | Reached skill level 1 in Conjurations
  4401 | Ossuary  | Reached XP level 8. HP: 33/41 MP: 9/17
  4711 | Ossuary  | Noticed a silent spectre
  4807 | D:5      | Found a broken altar of Ashenzari.
  5102 | D:5      | Noticed Pikel
  5114 | D:5      | Killed Pikel
  5115 | D:5      | Reached skill level 5 in Conjurations
  5115 | D:5      | Reached XP level 9. HP: 27/45 MP: 18/20
  5581 | D:6      | Found a staircase to the Ecumenical Temple.
  5587 | Temple   | Entered the Ecumenical Temple
  5633 | Temple   | Became a worshipper of Vehumet
  6037 | D:6      | Noticed Sigmund
  6039 | D:6      | Killed Sigmund
  6068 | D:6      | Shot with an arrow by a centaur

Illustrated notes

Levels and vault maps discovered:
D:1:      kb_arrival_jail, layout_basic
D:2:      minmay_spotlight, layout_rooms
D:3:      layout_basic, uniq_terence
D:4:      layout_basic, grunt_ministairs_2, guppyfry_shop_venom, uniq_edmund
D:5:      layout_basic, lemuel_round_altar, nicolae_ossuary_entry_giza,
          uniq_pikel
D:6:      layout_basic, temple_green, uniq_sigmund
Temple:   mainiacjoe_temple_hex_bubbles

Skill      XL: |  1  2  3  4  5  6  7  8  9 |
---------------+----------------------------+-----
Transmutations | 1 |  1.0
Earth Magic    | 4 5 6 7 8 |  8.0
Spellcasting   | 3 4 5 6 7 8 |  8.4
Conjurations   | 1 5 6 |  6.9
Dodging        | |  1.5
Stealth        | |  2.1

Action                     |  1- 3 |  4- 6 |  7- 9 || total
---------------------------+-------+-------+-------++-------
  Melee: Whip              |    16 |       |       ||    16
         Unarmed           |     1 |       |       ||     1
         Hand axe          |       |    31 |    74 ||   105
         Punch             |       |       |     1 ||     1
  Throw: Dart              |       |     5 |       ||     5
   Cast: Sandblast         |    45 |    74 |   110 ||   229
    Use: Scroll            |       |     8 |     4 ||    12
         Potion            |       |     3 |     5 ||     8
   Stab: Sleeping          |       |       |     1 ||     1
 Armour: Robe              |    20 |    31 |       ||    51
         Leather armour    |       |    25 |   139 ||   164
  Dodge: Dodged            |    26 |    64 |    76 ||   166

Table legend: (Time is in decaauts)
 A = Elapsed time spent in this place.
 B = Non-inter-level travel time spent in this place.
 C = Inter-level travel time spent in this place.
 D = Time resting spent in this place.
 E = Time spent auto-exploring this place.
 F = Levels seen in this place.
 G = Mean time per level.
                   A        B        C        D        E       F      G
               +--------+--------+--------+--------+--------+-----+--------+
         Total |   6213 |   6050 |    163 |   1292 |   3525 |   8 |  776.6 |
       Dungeon |   5614 |   5533 |     81 |   1039 |   3525 |   6 |  935.7 |
        Temple |     85 |      3 |     82 |      0 |      0 |   1 |   85.0 |
       Ossuary |    513 |    513 |      0 |    253 |      0 |   1 |  513.0 |
               +--------+--------+--------+--------+--------+-----+--------+

Top non-repeatable levels by time:
     D:4: 1245 daAuts
     D:3: 1232 daAuts
     D:5: 1012 daAuts
     D:1: 976 daAuts
     D:2: 658 daAuts
 Ossuary: 513 daAuts
     D:6: 489 daAuts
  Temple: 85 daAuts
